 Dungeon Crawl Stone Soup version 0.19-a0-1442-g3b32ff5 (webtiles) character file.

23 Amnesiac the Insei (level 3, 0/24 HPs)
             Began as an Octopode Transmuter on Sept 6, 2016.
             Succumbed to an adder's poison
             ... on level 2 of the Dungeon.
             The game lasted 00:00:54 (968 turns).

Amnesiac the Insei (Octopode Transmuter)             Turns: 968, Time: 00:00:54

Health: 0/24       AC:  1    Str:  9    XL:     3   Next: 0%
Magic:  6/6        EV: 13    Int: 15    God:
Gold:   131        SH:  0    Dex: 13    Spells: 2 memorised, 3 levels left

rFire  . . .     SeeInvis .       - Unarmed
rCold  . . .     Gourm    .     (no shield)
rNeg   . . .     Faith    .     (helmet restricted)
rPois  .         Spirit   .     (no amulet)
rElec  .         Dismiss  .     (no ring)
rCorr  .         Reflect  .     (no ring)
MR     .....     Harm     .     (no ring)
Stlth  +++.......               (no ring)
                                (no ring)
                                (no ring)
                                (no ring)
                                (no ring)

@: lethally poisoned (0 -> -9)
A: almost no armour, stealthy swim, amphibious, 8 rings, constrict 8, camouflage
1, gelatinous body 1
a: no special abilities


You were on level 2 of the Dungeon.
You were not hungry.

You visited 1 branch of the dungeon, and saw 2 of its levels.

You collected 131 gold pieces.

Inventory:

Missiles
 a - 25 arrows
Jewellery
 j - an uncursed ring of magical power {unknown}
Scrolls
 f - a scroll of identify {unknown}
 k - a scroll of blinking {unknown}
 m - a scroll of immolation {unknown}
Potions
 e - a potion of might {unknown}
 g - a potion of curing {unknown}
 h - a potion of brilliance {unknown}
 i - a potion of mutation {unknown}
 l - a potion of cure mutation {unknown}
Books
 b - a book of Changes

   Spells                             Type                      Level
   a - Beastly Appendage              Transmutation                1
   b - Sticks to Snakes               Transmutation                2
   c - Spider Form                    Transmutation/Poison         3
   d - Ice Form                       Ice/Transmutation            4
   e - Blade Hands                    Transmutation                5
Comestibles
 c - a bread ration


   Skills:
 + Level 1.7 Fighting
 + Level 2.3 Dodging
 + Level 3.2 Unarmed Combat
 + Level 2.1 Spellcasting
 + Level 2.1 Transmutations


You had 3 spell levels left.
You knew the following spells:

 Your Spells              Type           Power        Failure   Level  Hunger
a - Sticks to Snakes      Tmut           #.......     14%         2    ###....
e - Beastly Appendage     Tmut           #.....       12%         1    #......


Dungeon Overview and Level Annotations

Branches:
Dungeon (2/15)

Altars:


Innate Abilities, Weirdness & Mutations

You cannot wear most types of armour.
You are very stealthy in the water.
You are amphibious.
You can wear up to eight rings at the same time.
You can use your tentacles to constrict eight enemies at once.
Your skin changes colour to match your surroundings (Stealth+).
Your rubbery body absorbs attacks. (AC +1, EV +1)


Message History

You tentacle-slap the adder but do no damage.
Your squeeze misses the adder.
The adder is heavily wounded.
You constrict the adder.
* * * LOW HITPOINT WARNING * * *
You feel sick. The adder bites you.
* * * LOW HITPOINT WARNING * * *
It was a potion of lignification.
You feel woody for a moment.
You constrict the adder. The adder closely misses you.
The adder barely misses you.
You tentacle-slap the adder but do no damage.
You squeeze the adder.
The adder is almost dead.
You constrict the adder.
You kill the adder!
You have reached level 3!
Your experience leads to an increase in your attributes!
Increase (S)trength, (I)ntelligence, or (D)exterity?
You feel agile.
You die...

#.# #.# #.#
####++#### #.#
##≈≈≈..≈≈≈## #.#
##≈≈≈≈..≈≈≈≈## #.#
##≈≈≈≈≈..≈≈≈≈≈##
##.##
##≈≈≈≈≈≈..≈≈≈≈≈≈##
##.#.##
##≈≈≈≈≈≈≈..≈≈≈≈≈≈≈#
#.###.#
#≈≈≈†@≈≈≈..≈≈≈≈≈≈≈≈
##.#.##
#≈≈≈≈≈≈≈≈..≈≈≈≈≈≈≈≈
##..#
#≈≈≈≈≈≈≈8..8≈≈≈≈≈≈≈
##.#
#≈≈≈≈≈≈≈.##.≈≈≈≈≈≈≈
#.#
#≈≈≈≈≈≈≈.##.≈≈≈≈≈≈≈
#.#
#≈≈≈≈≈≈≈8..8≈≈≈≈≈≈≈
#.#
#≈≈≈≈≈≈≈≈..≈≈≈≈≈≈≈≈
#.#
#≈≈≈≈≈≈≈≈..≈≈≈≈≈≈≈≈
#.#
≈≈≈≈≈≈≈).≈≈≈≈≈≈≈#


There were no monsters in sight!

Vanquished Creatures
  An adder (D:2)
  A giant gecko (D:2)
  A giant cockroach (D:1)
  2 goblins
  2 hobgoblins (D:1)
  3 bats (D:1)
  A giant newt (D:2)
  2 kobolds
  2 rats (D:1)
15 creatures vanquished.

Notes
Turn   | Place    | Note
-------+----------+-------------------------------------------
     0 | D:1      | Amnesiac the Octopode Transmuter began the quest for the Orb.
     0 | D:1      | Reached XP level 1. HP: 13/13 MP: 3/3
   496 | D:1      | Reached XP level 2. HP: 18/18 MP: 3/5
   601 | D:1      | Learned a level 2 spell: Sticks to Snakes
   968 | D:2      | Reached XP level 3. HP: 1/24 MP: 6/6
   968 | D:2      | Succumbed to an adder's poison

Vault maps used:
D:1:      dpeg_arrival_three_same_balls, hangedman_decor_growths
D:2:      kennysheep_big_flooded_room, first_bread

Action                   || total
-------------------------++-------
Melee: Unarmed           ||    35
       Kick              ||     7
       Constrict         ||    10
       Tentacles         ||     7
 Cast: Beastly Appendage ||     9
  Use: Potion            ||     1
 Stab: Sleeping          ||     1
Armor: Skin              ||     3
Dodge: Dodged            ||    25
